 Dungeon Crawl Stone Soup version 0.18-b1-22-ge198996 (webtiles) character file.

95 dobroeutro the Sneak (level 4, -4/21 HPs)
             Began as a Spriggan Enchanter on May 3, 2016.
             Slain by a worm (6 damage)
             ... on level 3 of the Dungeon.
             The game lasted 00:07:12 (2652 turns).

dobroeutro the Sneak (Spriggan Enchanter)           Turns: 2652, Time: 00:07:12

Health: -4/21      AC:  3    Str:  4    XL:     4   Next: 40%
Magic:  10/10      EV: 19    Int: 16    God:
Gold:   70         SH:  0    Dex: 17    Spells: 2 memorised, 6 levels left

rFire  . . .     SeeInvis +     n - +4 club
rCold  . . .     Gourm    .     b - +1 robe
rNeg   . . .     Faith    .     (shield restricted)
rPois  .         Spirit   .     (helmet restricted)
rElec  .         Dismiss  .     (no cloak)
rCorr  .         Reflect  .     (gloves unavailable)
SustAt .         Harm     .     (boots unavailable)
MR     .....                    (no amulet)
Stlth  +++.......               (no ring)
                                (no ring)

@: very quick, not resistant to hostile enchantments, fairly stealthy
A: unfitting armour, see invisible, herbivore 3, speed 3, slow metabolism 2
a: no special abilities


You were on level 3 of the Dungeon.
You were not hungry.

You visited 1 branch of the dungeon, and saw 3 of its levels.

You collected 70 gold pieces.

Inventory:

Hand Weapons
 a - a +1 dagger
 g - a +2 whip of draining
 n - a +4 club (weapon)
 r - a +0 blowgun
Missiles
 s - 4 poisoned needles
Armour
 b - a +1 robe (worn)
Scrolls
 e - 6 scrolls of remove curse {unknown}
 h - a scroll of fog {unknown}
 j - 6 scrolls of identify {unknown}
 o - a scroll of teleportation {unknown}
Potions
 i - a potion of brilliance {unknown}
 k - a potion of mutation {unknown}
 l - a potion of flight {unknown}
 m - 2 potions of curing
 q - a potion of might {unknown}
Books
 c - a book of Maledictions

   Spells                             Type                      Level
   a - Corona                         Hexes                        1
   b - Ensorcelled Hibernation        Hexes/Ice                    2
   c - Confuse                        Hexes                        3
   d - Tukima's Dance                 Hexes                        3
   e - Dazzling Spray                 Conjuration/Hexes            3
Comestibles
 d - 2 bread rations
 f - a slice of pizza
 p - 8 fruits


   Skills:
 + Level 1.8 Short Blades
 + Level 4.1 Dodging
 + Level 5.3 Stealth
 + Level 3.5 Spellcasting
 + Level 4.4 Hexes


You had 6 spell levels left.
You knew the following spells:

 Your Spells              Type           Power        Failure   Level  Hunger
a - Corona                Hex            ###....      3%          1    None
b - Confuse               Hex            ###.....     12%         3    ###....


Dungeon Overview and Level Annotations

Branches:
Dungeon (3/15)

Altars:
Fedhas


Innate Abilities, Weirdness & Mutations

You are tiny and cannot use many weapons and most armour.
You have supernaturally acute eyesight.
You are a herbivore.
You cover ground extremely quickly.
You need consume almost no food.


Message History

The worm misses you.
You barely miss the worm.
The worm is moderately wounded.
The worm bites you but does no damage.
You hit the worm.
The worm is moderately wounded.
You hit the worm.
The worm is severely wounded.
The worm bites you!
You hit the worm but do no damage.
The worm is severely wounded.
The worm bites you.
* * * LOW HITPOINT WARNING * * *
You are too injured to fight recklessly!
You are too injured to fight recklessly!
You are too injured to fight recklessly!
You hit the worm.
The worm is severely wounded.
The worm bites you.
You die...

.... ...... #.#..
#8.....8#..... ..#.#
.......#....# ..#.##
#8.....8#...# .##..##
...........# ...#..####.$.
......# .#.......#.#
##....#
.####......###...w#
.....###.....#..@.#
.g...####..#......#
.......##..#......#
.....#...g........#
...#.####..#......#
.#...###..........#######
.##......g.............?.
.#####..#.........######
.#.........#........######


You could see a worm and 2 gnolls.

Vanquished Creatures
  Jessica (D:2)
  An adder (D:2)
  3 dart slugs
  2 giant geckos (D:1)
  A ball python (D:1)
  A giant cockroach (D:1)
  7 goblins
  6 hobgoblins
  4 jackals (D:2)
  6 bats
  10 kobolds
  7 rats
49 creatures vanquished.

Notes
Turn   | Place    | Note
--------------------------------------------------------------
     0 | D:1      | dobroeutro the Spriggan Enchanter began the quest for the Orb.
     0 | D:1      | Reached XP level 1. HP: 9/9 MP: 5/5
   225 | D:1      | Reached XP level 2. HP: 4/13 MP: 4/6
  1079 | D:1      | Reached skill level 5 in Stealth
  1391 | D:1      | Reached XP level 3. HP: 13/16 MP: 8/8
  1396 | D:1      | Learned a level 3 spell: Confuse
  1504 | D:2      | Noticed Jessica
  1513 | D:2      | Killed Jessica
  1513 | D:2      | Reached XP level 4. HP: 4/21 MP: 6/10
  2043 | D:2      | Found a blossoming altar of Fedhas.
  2652 | D:3      | Slain by a worm

Skill      XL: |  1  2  3 |
---------------+----------+-----
Stealth        | 5 |  5.3
Hexes          | 4 |  4.4
Spellcasting   | 3 |  3.5
Dodging        | 4 |  4.1
Short Blades   | |  1.8

Action                   |  1- 3 |  4- 6 || total
-------------------------+-------+-------++-------
Melee: Dagger            |    57 |       ||    57
       Whip              |    53 |       ||    53
       Club              |       |    70 ||    70
 Cast: Corona            |     2 |       ||     2
       Confuse           |     1 |     1 ||     2
  Use: Potion            |       |     1 ||     1
 Stab: Sleeping          |     6 |     1 ||     7
       Distracted        |       |     1 ||     1
Armor: Robe              |    14 |    14 ||    28
Dodge: Dodged            |   118 |   108 ||   226
